 Dungeon Crawl Stone Soup version 0.31-a0-237-g2d982f9f85 (webtiles) character file.

Game seed: 17972397429299065532

1604337 Shard1697 the Iron Dragon (level 25, 228/228 HPs)
             Began as a Grey Draconian Fire Elementalist on July 11, 2023.
             Was the Champion of Ashenzari.
             Escaped with the Orb
             ... and 3 runes on July 12, 2023!
             The game lasted 04:06:24 (72054 turns).

Shard1697 the Iron Dragon (DrFE)                   Turns: 72054, Time: 04:06:24

Health: 228/228    AC: 25    Str: 15    XL:     25   Next: 42%
Magic:  48/48      EV: 23    Int: 26    God:    Ashenzari [******]
Gold:   2686       SH:  5    Dex: 11    Spells: 6/67 levels left

rFire   + . .        a - +9 lajatang of Toth-Mos's Legacy {flame, Comp, Fort} (curse)
rCold   . . .        (shield currently unavailable)
rNeg    . . .        (body armour unavailable)
rPois   +            c - +2 hat of the Wild Blue Yonder {Elem, Melee} (curse)
rElec   +            x - +0 cloak of Ashenzari's Sorrow {Cun, Fort} (curse)
rCorr   .            y - +1 pair of gloves of Ashenzari's Seeker {rElec Regen+, Self, Cun} (curse)
SInv    +            S - +2 pair of boots of the Shackled Moon {Cun, Bglg} (curse)
Will    +....        O - amulet of the Enlightened God {Reflect SH+5, Bglg, Evo} (curse)
Stlth   ++           P - ring "Esoteric Scepticism" {rPois rF+, Range, Elem} (curse)
HPRegen 1.38/turn    f - ring of Cremastomancy {EV+5, Melee, Self} (curse)
MPRegen 0.31/turn

%: reflection, clarity
@: no status effects
A: AC +17, amphibious, unfitting armour, cold-blooded, beak, strong 1
0: Orb of Zot
}: 3/15 runes: barnacled, silver, gossamer
a: Renounce Religion, Shatter the Chains


You escaped.
You worshipped Ashenzari.
Ashenzari was exalted by your worship.
You visited 9 branches of the dungeon, and saw 47 of its levels.
You visited the Abyss 1 time.
You visited 1 bazaar.
You also visited: Ossuary, Ice Cave, Volcano and Desolation.

You collected 6489 gold pieces.
You spent 3803 gold pieces at shops.

Inventory:

Hand Weapons
 a - the cursed +9 lajatang of Toth-Mos's Legacy (weapon) {flame, Comp, Fort}
   (You bought it in a shop on level 1 of the Shoals)

   It has a curse which improves the following skills: Companions: Summonings
   and Necromancy.
   Fortitude: Shields.
 T - the +6 great sword "Gal Kaim" {vamp, rF++ rC- rN+ SInv}
   (You took it off an ironbound thunderhulk on level 2 of the Vaults)

   rF:        It greatly protects you from fire.
   rC:        It makes you vulnerable to cold.
   rN:        It protects you from negative energy.
   SInv:      It lets you see invisible.
Armour
 c - the cursed +2 hat of the Wild Blue Yonder (worn) {Elem, Melee}
   (You found it on level 1 of the Dungeon)

   It has a curse which improves the following skills: Elements: Fire Magic, Ice
   Magic, Air Magic and Earth Magic.
   Melee Combat: Short Blades, Long Blades, Axes, Maces & Flails, Polearms,
   Staves and Unarmed Combat.
 g - a +1 kite shield of cold resistance
 x - the cursed +0 cloak of Ashenzari's Sorrow (worn) {Cun, Fort}
   (You found it on level 4 of the Dungeon)

   It has a curse which improves the following skills: Cunning: Dodging and
   Stealth.
   Fortitude: Shields.
 y - the cursed +1 pair of gloves of Ashenzari's Seeker (worn) {rElec Regen+, Self, Cun}
   (You acquired it on level 7 of the Dungeon)

   rElec:     It insulates you from electricity.
   Regen:     It increases your rate of health regeneration.
   It has a curse which improves the following skills: Introspection: Fighting
   and Spellcasting.
   Cunning:   Dodging and Stealth.
 K - a +2 hat of stealth
 S - the cursed +2 pair of boots of the Shackled Moon (worn) {Cun, Bglg}
   (You found it on level 13 of the Dungeon)

   It has a curse which improves the following skills: Cunning: Dodging and
   Stealth.
   Beguiling: Conjurations, Hexes and Translocations.
Magical Staves
 b - a staff of conjuration
 J - a staff of earth
Jewellery
 f - the cursed ring of Cremastomancy (right hand) {EV+5, Melee, Self}
   (You found it on level 1 of the Dungeon)

   [ring of evasion]

   EV:        It affects your evasion (+5).
   It has a curse which improves the following skills: Melee Combat: Short
   Blades, Long Blades, Axes, Maces & Flails, Polearms, Staves and Unarmed
   Combat.
   Introspection: Fighting and Spellcasting.
 E - a ring of flight
 F - the amulet "Rimyed" {Faith +Inv rPois rF++ Int-2}
   (You took it off a deep elf master archer on level 3 of the Elven Halls)

   [amulet of faith]

   It allows you to gain divine favour quickly.
   Int:       It affects your intelligence (-2).
   rF:        It greatly protects you from fire.
   rPois:     It protects you from poison.
   +Inv:      It lets you turn invisible.
 L - a ring of protection from cold
 O - the cursed amulet of the Enlightened God (around neck) {Reflect SH+5, Bglg, Evo}
   (You found it on level 5 of the Lair of Beasts)

   [amulet of reflection]

   It reflects blocked missile attacks.
   SH:        It affects your SH (+5).
   It has a curse which improves the following skills: Beguiling: Conjurations,
   Hexes and Translocations.
   Evocations: Evocations.
 P - the cursed ring "Esoteric Scepticism" (left hand) {rPois rF+, Range, Elem}
   (You took it off a deep elf death mage on level 3 of the Elven Halls)

   [ring of protection from fire]

   rF:        It protects you from fire.
   rPois:     It protects you from poison.
   It has a curse which improves the following skills: Ranged Combat: Ranged
   Weapons and Throwing.
   Elements:  Fire Magic, Ice Magic, Air Magic and Earth Magic.
 W - a +4 ring of protection
Wands
 h - a wand of charming (55)
 p - a wand of light (11)
 r - a wand of flame (84)
 s - a wand of mindburst (43)
 t - a wand of digging (12)
 G - a wand of iceblast (52)
Scrolls
 l - 8 scrolls of fear
 u - 7 scrolls of butterflies
 A - 8 scrolls of teleportation
 B - 4 scrolls of amnesia
 I - 6 scrolls of enchant armour
 R - a scroll of silence
 X - 3 scrolls of enchant weapon
 Z - 2 scrolls of poison
Potions
 d - 10 potions of might
 e - a potion of curing
 i - 12 potions of mutation
 j - 2 potions of haste
 k - 5 potions of brilliance
 m - a potion of resistance
 n - 4 potions of magic
 o - 2 potions of cancellation
 q - 2 potions of attraction
 v - 2 potions of berserk rage
 w - 5 potions of enlightenment
 z - 12 potions of lignification
 D - 6 potions of invisibility
Miscellaneous
 H - a box of beasts (inert)


   Skills:
 + Level 15.7(19.2) Fighting
 - Level 13.2(16.7) Staves
 - Level 11.3(16.0) Dodging
 - Level 6.7(11.4) Stealth
 + Level 18.6(21.9) Spellcasting
 - Level 17.3(20.7) Conjurations
 - Level 17.3(19.6) Summonings
 - Level 4.8(7.2) Necromancy
 - Level 2.1(4.7) Translocations
 - Level 16.5(20.0) Fire Magic
 - Level 4.6(8.0) Air Magic
 O Level 27 Earth Magic
 - Level 3.4(5.5) Evocations


You had 6 spell levels left.
You knew the following spells:

 Your Spells              Type           Power      Damage    Failure   Level
a - Foxfire               Conj/Fire      100%       2x1d9     0%          1
b - Summon Horrible Thin  Summ           46%        N/A       2%          8
c - Ignition              Fire           46%        3d13      2%          8
e - Monstrous Menagerie   Summ           46%        N/A       1%          7
f - Fireball              Conj/Fire      47%        3d19      0%          5
g - Shatter               Erth           53%        3d40*     2%          9
h - Blink                 Tloc           100%       N/A       1%          2
i - Starburst             Conj/Fire      47%        6d13      1%          6
j - Petrify               Tmut/Erth      78%        N/A       1%          4
t - Stone Arrow           Conj/Erth      100%       3d13      0%          3
y - Lehudib's Crystal Sp  Conj/Erth      50%        10d12     1%          8

Your spell library contained the following spells:

 Spells                   Type           Power      Damage    Failure   Level
 Kiss of Death            Conj/Necr      100%       2d13      0%          1
 Sandblast                Erth           100%       2d20      0%          1
 Shock                    Conj/Air       100%       1d9       0%          1
 Summon Small Mammal      Summ           100%       N/A       0%          1
 Call Imp                 Summ           100%       N/A       0%          2
 Passwall                 Tmut/Erth      65%        N/A       0%          2
 Scorch                   Fire           100%       2d9       0%          2
 Searing Ray              Conj           100%       2d8       0%          2
 Call Canine Familiar     Summ           92%        N/A       0%          3
 Flame Wave               Conj/Fire      94%        2d20      0%          4
 Sticky Flame             Conj/Fire      94%        2d10      0%          4
 Apportation              Tloc           100%       N/A       1%          1
 Necrotise                Necr           100%       1d9       1%          1
 Cigotuvi's Dreadful Rot  Necr/Pois/Air  100%       N/A       1%          2
 Ensorcelled Hibernation  Hex/Ice        62%        N/A       1%          2
 Dazzling Flash           Conj/Hex       100%       N/A       1%          3
 Ignite Poison            Fire/Tmut/Pois 58%        N/A       1%          3
 Inner Flame              Hex/Fire       69%        N/A       1%          3
 Portal Projectile        Hex/Tloc       84%        N/A       1%          3
 Summon Guardian Golem    Hex/Summ       69%        N/A       1%          3
 Swiftness                Air            63%        N/A       1%          3
 Vampiric Draining        Necr           60%        2d10      1%          3
 Vhi's Electric Charge    Tloc/Air       100%       N/A       1%          3
 Volatile Blastmotes      Fire/Tloc      100%       2d18      1%          3
 Airstrike                Air            31%        2d(5-21)  1%          4
 Animate Dead             Necr           60%        N/A       1%          4
 Dispel Undead            Necr           60%        3d21      1%          4
 Manifold Assault         Tloc           52%        N/A       1%          4
 Passage of Golubria      Tloc           52%        N/A       1%          4
 Summon Ice Beast         Ice/Summ       69%        N/A       1%          4
 Summon Lightning Spire   Summ/Air       79%        N/A       1%          4
 Agony                    Necr           60%        N/A       1%          5
 Arcjolt                  Conj/Air       40%        1d50      1%          5
 Borgnjor's Vile Clutch   Necr/Erth      43%        N/A       1%          5
 Freezing Cloud           Conj/Ice/Air   34%        6-21      1%          5
 Irradiate                Conj/Tmut      35%        3d23      1%          5
 Summon Mana Viper        Hex/Summ       69%        N/A       1%          5
 Plasma Beam              Fire/Air       39%        2x1d53    1%          6
 Statue Form              Tmut/Erth      52%        N/A       1%          6
 Summon Cactus Giant      Summ           46%        N/A       1%          6
 Anguish                  Hex/Necr       24%        N/A       2%          4
 Confusing Touch          Hex            31%        N/A       3%          3
 Frozen Ramparts          Ice            62%        1d10      3%          3
 Tukima's Dance           Hex            31%        N/A       3%          3
 Spider Form              Tmut/Pois      28%        N/A       4%          3
 Silence                  Hex/Air        25%        N/A       6%          5
 Cause Fear               Hex            15%        N/A       11%         4
 Death Channel            Necr           30%        N/A       11%         6
 Ice Form                 Ice/Tmut       29%        N/A       12%         4
 Metabolic Englaciation   Hex/Ice        15%        N/A       30%         5
 Yara's Violent Unravell  Hex/Tmut       14%        3d7       34%         5
 Alistair's Intoxication  Tmut/Pois      18%        N/A       36%         5
 Blade Hands              Tmut           14%        N/A       36%         5
 Orb of Destruction       Conj           47%        9d12      1%          7
 Dragon's Call            Summ           46%        N/A       41%         9
 Storm Form               Tmut/Air       24%        N/A       91%         7
 Dragon Form              Tmut           14%        N/A       100%        7
 Enfeeble                 Hex            15%        N/A       100%        7
 Animate Armour           Summ/Erth      Unusable   N/A       N/A         4

Dungeon Overview and Level Annotations

Branches:
Dungeon (15/15)            Temple (0/1) D:5            Lair (5/5) D:10
 Shoals (4/4) Lair:2       Spider (4/4) Lair:3        Slime (0/5) Lair:5
    Orc (2/2) D:11            Elf (3/3) Orc:2        Vaults (5/5) D:13
  Crypt (0/3) Vaults:2     Depths (4/4) D:15            Zot (5/5) Depths:4
Ossuary (visited)           IceCv (visited)         Volcano (visited)
Desolation (visited)

Altars:
Ashenzari
Cheibriados
Dithmenos
Elyvilon
Fedhas
Makhleb
Nemelex Xobeh
Okawaru
Qazlal
Trog
Uskayaw
Vehumet
Xom
Yredelemnul
The Shining One
Jiyva

Shops:
D:4 :   D:9 :   D:11 :   Orc:2 (!?(   Elf:3 [   Shoals:1 *   Shoals:3 (
Shoals:4 ?   Vaults:1 (   Vaults:4 :   Depths:1 ((   Depths:2 *   Depths:4 *

Portals:
Hell: Depths:1 Depths:2 Depths:3 Depths:4
Abyss: Depths:2 Depths:3 Depths:4
Pandemonium: Depths:2 Depths:3
Ziggurat: Depths:4
Bazaar: D:15

Annotations:
Lair:3 exclusion: oklob plant
Spider:1 3 runed translucent doors, arthad's ghost, journeyman FeSu
Spider:2 3 runed translucent doors, reriks's ghost, adept GrEE
Elf:2 3 runed translucent doors
Zot:2 exclusion: lightning spire
Zot:5 2 transporters, Midn8's ghost, veteran DrBe


Innate Abilities, Weirdness & Mutations

Your dull iron-grey scales are very hard. (AC +17)
You are amphibious.
You cannot fit into any form of body armour.
You are cold-blooded and may be slowed by cold attacks.
You have a beak for a mouth.
Your muscles are strong. (Str +4, Int/Dex -1)


Message History

The crystal spear hits Sakkerch!!!
Sakkerch is almost dead.
You are engulfed in freezing vapours.
You resist. Sakkerch gestures at you. The bolt of dispelling energy hits you!
You feel strangely stable.
Your magical effects are unravelling.
* * * LOW HITPOINT WARNING * * *
Sakkerch hits you!!
* * * LOW HITPOINT WARNING * * *
Casting: Lehudib's Crystal Spear (mildly dangerous; 1% risk of failure)
Confirm with . or Enter, or press ? or * to list all spells.
Aiming: Lehudib's Crystal Spear (mildly dangerous; 1% risk of failure)
Press: ? - help, Shift-Dir - straight line, f/p - Sakkerch
Aim: Sakkerch, armed with an electric touch (almost dead, slightly transparent, 96% to hit)
The crystal spear hits Sakkerch!!!
You kill Sakkerch!
You are engulfed in freezing vapours.
You resist.
You feel yourself speed up.
You feel yourself slow down.
Your resistance to elements expires.
The ice encasing you melts away.
You feel better.
You feel better.
You feel better.
You feel better.
You feel better.
You feel better.
You feel better.
You feel better.
You feel better.
You feel better.
You feel better.
You feel better.
You feel better. Magic courses through your body.
There is a stone staircase leading down, spattered with blood here.
HP restored.
Magic restored.
There is a staircase leading out of the dungeon here.
You have escaped!

#.......##.....# #.##.##.#
#.###.#.##.....# #.##.##.#
#.###.#.##.....# #.##.##)#
#.##..#......### #.##.##.#
#.##.##.###### #.##.##.#
#.##.##.###########.......#
#.......#..##....#####.######
########.##.#.###....## #.......
.......#.##...##@.##..# #..#####
.#####.#....#..###.#.#####.......
.#####.####...#.###....##......##
....##.# ###.#.# ####..##..##.##
.##.##.# #...# #.#..#######.
.......# ###.######.#.# ##...
###.#### #.#..#####.####..#.
#...# #.##..# #.......## #
###.###### #.###.#######.#####


There were no monsters in sight!

Vanquished Creatures
  A dread lich (Zot:5)
  2 orbs of fire (Zot:5)
  Mara (Vaults:3)
  3 ancient liches
  Sojobo (Depths:3)
  3 pandemonium lords
  A Killer Klown (Zot:5)
  Saint Roka (Depths:1)
  A profane servitor (Depths:4)
  7 golden dragons
  A bone dragon (Depths:3)
  An electric golem (Zot:5)
  3 doom hounds (Depths:3)
  2 Tzitzimimeh
  2 deep elf blademasters (Elf:3)
  Grunn (Depths:3)
  18 Orb Guardians (Zot:5)
  4 liches
  2 quicksilver dragons
  2 walking frostbound tomes
  10 tentacled monstrosities
  2 deep elf master archers (Elf:3)
  The ghost of Dittersdorf the Peltast, an adept GrFi of Okawaru (Spider:4)
  2 walking divine tomes (Depths:3)
  2 titans (Vaults:5)
  A kraken (Shoals:3)
  7 death cobs
  Gastronok (Lair:2)
  6 sphinxes
  10 storm dragons
  7 shadow dragons
  Ilsuiw (Shoals:4)
  5 tengu reavers
  6 fire giants
  Roxanne (Shoals:4)
  3 draconian knights
  2 draconian monks
  An emperor scorpion (Spider:4)
  3 spectral caustic shrikes (Depths:2)
  Aizul (Vaults:2)
  2 draconian scorchers
  A caustic shrike zombie (Depths:2)
  5 deep elf sorcerers
  7 ghost moths
  7 frost giants
  15 vault wardens
  2 draconian shifters
  2 draconian annihilators
  15 ironbound preservers
  2 deep elf elementalists (Elf:3)
  6 draconian stormcallers
  4 formless jellyfish
  3 angels
  14 very ugly things
  5 war gargoyles
  12 ironbound thunderhulks
  4 broodmothers
  2 reapers (Depths:3)
  A spriggan defender (Depths:4)
  12 stone giants
  4 green draconians
  A lorocyproca (Zot:1)
  6 deep elf annihilators (Elf:3)
  22 dire elephants
  7 deep elf demonologists
  4 white draconians
  6 purple draconians
  10 red draconians
  5 yellow draconians
  2 pearl dragon zombies (Depths:4)
  9 spark wasps
  A green death (D:9)
  7 deep elf death magi (Elf:3)
  8 ettins
  4 crystal guardians
  10 merfolk javelineers
  7 fire dragons
  7 merfolk impalers
  An entropy weaver (Spider:3)
  2 ragged hierophants (Desolation)
  A deep elf high priest (Elf:1)
  8 great orbs of eyes
  2 servants of whispers
  A nameless horror (Orc:2)
  14 yaktaur captains
  2 caustic shrike simulacra (IceCv)
  2 hydras (D:14)
  A hell beast (Depths:1)
  31 vault guards
  3 catoblepae (Lair:5)
  6 ice dragons
  A spriggan air mage (Depths:2)
  7 peacekeepers
  3 merfolk avatars
  2 alligator snapping turtles
  2 satyrs
  Erica (D:8)
  15 ironbound frosthearts
  3 ogre magi (Vaults:5)
  A boulder beetle (D:14)
  8 merfolk aquamancers
  A jorogumo (Spider:4)
  A death knight (Depths:4)
  17 centaur warriors
  A radroach (Spider:2)
  13 two-headed ogres
  3 deep troll shamans
  3 hell hogs (Depths:4)
  15 dancing weapons
  7 tengu warriors
  11 death yaks
  3 demonic crawlers
  4 spriggan berserkers
  5 deep troll earth magi
  5 orc high priests
  Sonja (D:10)
  16 deep elf knights
  12 hell knights
  2 large abominations
  6 pharaoh ants
  13 sun demons
  2 sun moths
  3 iron trolls (Depths:2)
  A sixfirhy (Zot:3)
  7 skysharks
  A fire crab (Lair:5)
  24 deep trolls
  A salamander mystic (Depths:1)
  A sea snake (shapeshifter) (Vaults:5)
  An obsidian statue (Zot:5)
  3 glowing orange brains
  8 orb spiders
  A cherub (Depths:2)
  A swamp dragon (Lair:1)
  2 flayed ghosts
  22 ironbound convokers
  2 phantasmal warriors
  A spriggan simulacrum (Depths:2)
  An orange crystal statue (IceCv)
  Pikel (D:6)
  24 harpies
  13 sea snakes
  7 wizards
  14 deep elf archers
  6 orc knights
  7 lindwurms (Vaults:2)
  29 deep elf pyromancers
  3 steelbarb worms
  6 orc sorcerers
  19 wolf spiders
  2 shining eyes (Depths:1)
  23 deep elf zephyrmancers
  6 necromancers
  An oklob plant (Orc:1)
  A faun (shapeshifter) (D:14)
  9 fauns
  44 ugly things
  3 elephants (Lair:5)
  18 manticores
  9 merfolk sirens
  14 moths of wrath
  8 cyclopes
  15 vault sentinels
  5 salamanders
  4 apis skeletons (Depths:4)
  A guardian serpent (Desolation)
  A black mamba (shapeshifter) (D:14)
  A molten gargoyle (Vaults:3)
  3 eyes of devastation
  A titan simulacrum (Depths:2)
  Joseph (D:8)
  2 water nymphs (shapeshifter) (Vaults:5)
  9 water nymphs
  2 black mambas
  A smoke demon (D:11)
  A centaur skeleton (D:15)
  3 torpor snails
  A hellion (Zot:5)
  9 cane toads
  3 rime drakes
  4 kobold demonologists
  2 unseen horrors
  An unseen horror (shapeshifter) (Elf:1)
  6 komodo dragons
  A komodo dragon (shapeshifter) (D:14)
  3 golden dragon simulacra
  3 freezing wraiths
  42 yaktaurs
  2 efreet
  A tormentor (Depths:3)
  An anaconda simulacrum (IceCv)
  A red devil (Depths:3)
  8 trolls
  A meliai (Lair:3)
  35 merfolk
  11 wind drakes
  10 hornets
  3 polar bears
  Grinder (D:5)
  30 tarantellas
  A tengu simulacrum (Depths:2)
  Prince Ribbit (D:7)
  A frost giant simulacrum (Depths:2)
  10 dream sheep
  11 blink frogs
  A wolf spider simulacrum (D:14)
  17 snapping turtles
  A wind drake (shapeshifter) (Elf:1)
  A spriggan zombie (Depths:2)
  17 saltlings
  18 slime creatures
  24 jumping spiders
  A shadow (D:10)
  2 air elementals
  Sigmund (D:5)
  8 culicivoras
  A wyvern (Lair:3)
  3 vampires (Vaults:2)
  2 centaur simulacra
  2 dire elephant simulacra (IceCv)
  4 spriggans (Depths:4)
  33 water elementals
  57 yaks
  3 wraiths
  2 golden eyes (Zot:2)
  16 humans (D:13)
  5 basilisks
  56 redbacks
  13 vampire mosquitoes
  4 steam dragons
  23 fire elementals
  A redback (shapeshifter) (Depths:1)
  A neqoxec (Depths:3)
  Edmund (D:5)
  Menkaure (D:4)
  4 acid dragons
  A warg (Elf:2)
  A swamp worm (shapeshifter) (Vaults:5)
  A hydra simulacrum (IceCv)
  A hell hound (Depths:1)
  17 water moccasins
  A floating eye (Depths:4)
  A swamp drake (Lair:1)
  31 orc warriors
  5 ice beasts
  3 black bears
  2 human zombies
  14 ogres
  A boggart (D:14)
  7 wolves
  A lemure (D:6)
  16 centaurs
  3 elf zombies (Ossuary)
  Blork the orc (D:6)
  5 kobold brigands
  A gnoll sergeant (D:11)
  4 earth elementals
  10 bullfrogs
  A glowing shapeshifter simulacrum (Depths:2)
  A scorpion (D:5)
  4 wights (D:3)
  9 killer bees
  4 howler monkeys
  5 electric eels
  2 centaur zombies (Ossuary)
  3 hounds
  3 jellies
  29 orc priests
  2 sleepcaps (D:6)
  Jessica (D:3)
  Ijyb (D:4)
  Terence (D:2)
  Natasha (thrice) (D:4)
  18 orc wizards
  2 boggart skeletons (D:15)
  A boggart simulacrum (D:15)
  2 mummies (Ossuary)
  9 adders
  8 gnolls
  3 worms
  2 dart slugs
  60 orcs
  5 bats
  4 endoplasms
  2 giant cockroaches
  4 goblins
  11 hobgoblins
  4 jackals (D:3)
  3 quokkas
  9 ball pythons
  3 frilled lizards
  2 goblin zombies (Ossuary)
  12 hobgoblin zombies (Ossuary)
  10 kobolds
  13 kobold zombies (Ossuary)
  3 orc zombies (Ossuary)
  5 rats
  3 rat zombies
  10 butterflies (Vaults:3)
1955 creatures vanquished.

Vanquished Creatures (collateral kills)
  A dread lich (Vaults:5)
  2 Killer Klowns (Zot:5)
  A profane servitor (Zot:5)
  An electric golem (Zot:2)
  2 tentacled monstrosities
  7 Orb Guardians
  A quicksilver dragon (Zot:3)
  A death cob (Zot:1)
  A tengu reaver (Vaults:5)
  An Executioner (D:6)
  A draconian monk (Zot:5)
  2 storm dragons
  2 frost giants
  3 vault wardens
  2 balrugs
  2 draconian shifters (Zot:5)
  An angel (Depths:2)
  A formless jellyfish (Vaults:2)
  An ironbound preserver (Vaults:1)
  A cacodemon (D:13)
  A draconian annihilator (Zot:5)
  A green draconian (Zot:5)
  2 stone giants (Vaults:5)
  A vampire knight (Vaults:2)
  2 black draconians (Zot:5)
  A spark wasp (Spider:4)
  A red draconian (Depths:4)
  A merfolk javelineer (Shoals:4)
  An ettin (Vaults:5)
  A deep elf high priest (Vaults:5)
  An entropy weaver (Spider:4)
  A peacekeeper (Vaults:2)
  2 jorogumos
  A spriggan air mage (Depths:4)
  A vault guard (Vaults:5)
  A radroach (Spider:2)
  A two-headed ogre (Vaults:5)
  A centaur warrior (Vaults:1)
  2 demonic crawlers (Spider:4)
  3 sun demons
  A deep elf knight (Elf:1)
  4 pharaoh ants
  A sixfirhy (D:7)
  3 large abominations (D:6)
  4 orb spiders
  4 deep trolls (Vaults:1)
  3 steelbarb worms
  2 harpies (Vaults:1)
  A deep elf zephyrmancer (Elf:1)
  A deep elf pyromancer (Elf:1)
  11 wolf spiders
  A manticore (Shoals:4)
  3 moths of wrath
  A water nymph (Shoals:4)
  A rust devil (D:3)
  A smoke demon (Zot:5)
  2 vault sentinels
  A torpor snail (Spider:4)
  An orange demon (D:13)
  2 yaktaurs
  2 merfolk (Shoals:4)
  2 tarantellas
  2 hornets (Spider:4)
  12 jumping spiders
  5 culicivoras
  A yak (Lair:5)
  16 redbacks
  An ogre (Vaults:5)
149 creatures vanquished.

Vanquished Creatures (others)
  A ghost moth (Spider:4)
  An ogre zombie (Vaults:1)
  A broodmother zombie (Spider:4)
  A steelbarb worm (Spider:4)
  10 wolf spider zombies
  A jorogumo zombie (Spider:4)
  7 dire elephant zombies
  3 centaur zombies
  10 redback zombies
  A demonic crawler zombie (Spider:4)
  2 moth of wrath zombies (Spider:4)
  3 jumping spider zombies
  2 merfolk zombies (Shoals:4)
  8 tarantella zombies
  A shadow (D:12)
  2 deep troll zombies (Vaults:1)
  An orc warrior (Elf:2)
  A hornet zombie (Spider:4)
  2 manticore zombies (Shoals:4)
  3 yaktaur zombies (Vaults:1)
  6 human zombies
  702 foxfires
  8 tentacles (Shoals:3)
777 creatures vanquished.

Grand Total: 2881 creatures vanquished

Notes
Turn   | Place    | Note
-------+----------+-------------------------------------------
     0 | D:1      | Shard1697 the Draconian Fire Elementalist began the quest
                  | for the Orb.
     0 | D:1      | Reached XP level 1. HP: 14/14 MP: 3/3
   259 | D:1      | Reached XP level 2. HP: 20/20 MP: 1/5
   265 | D:1      | Learned a level 2 spell: Scorch
  1111 | D:2      | Reached XP level 3. HP: 26/26 MP: 4/6
  1148 | D:2      | Found a broken altar of Ashenzari.
  1175 | D:2      | Became a worshipper of Ashenzari the Shackled
  1205 | D:2      | Noticed Terence
  1509 | D:2      | Killed Terence
  1601 | D:2      | Reached XP level 4. HP: 33/33 MP: 3/8
  1748 | D:2      | Learned a level 3 spell: Volatile Blastmotes
  2059 | D:3      | Found a stormy altar of Qazlal.
  2059 | D:3      | Found a white marble altar of Elyvilon.
  2059 | D:3      | Found an iron altar of Okawaru.
  2120 | D:3      | Found a radiant altar of Vehumet.
  2192 | D:3      | Found a shadowy altar of Dithmenos.
  2322 | D:3      | Reached skill level 5 in Fire Magic
  2322 | D:3      | Reached XP level 5. HP: 31/38 MP: 5/10
  2378 | D:3      | Noticed Jessica
  2381 | D:3      | Killed Jessica
  2529 | D:3      | Reached XP level 6. HP: 29/45 MP: 6/11
  2687 | D:3      | Found a faded altar of an unknown god.
  2905 | D:4      | Noticed Ijyb
  2913 | D:4      | Killed Ijyb
  2989 | D:4      | Found a snail-covered altar of Cheibriados.
  3093 | D:4      | Learned a level 4 spell: Flame Wave
  3117 | D:4      | Noticed an orc warrior
  3127 | D:3      | Killed an orc warrior
  3128 | D:3      | Reached skill level 1 in Fighting
  3128 | D:3      | Your scales start taking on a dull iron-grey colour.
  3128 | D:3      | Reached XP level 7. HP: 42/52 MP: 2/13
  3212 | D:4      | Noticed Natasha
  3219 | D:4      | Killed Natasha
  3434 | D:4      | Noticed Natasha
  3442 | D:4      | Killed Natasha
  3539 | D:4      | Noticed Natasha
  3555 | D:4      | Killed Natasha
  3648 | D:4      | Noticed Menkaure
  3651 | D:4      | Killed Menkaure
  3877 | D:4      | Found Woney's Book Shoppe.
  4071 | D:5      | Entered Level 5 of the Dungeon
  4204 | D:5      | Reached * piety under Ashenzari
  4494 | D:5      | Found a staircase to the Ecumenical Temple.
  4563 | D:5      | Noticed Edmund
  4574 | D:5      | Killed Edmund
  4575 | D:5      | Reached XP level 8. HP: 56/63 MP: 4/15
  4667 | D:5      | Noticed Sigmund
  4681 | D:5      | Killed Sigmund
  4682 | D:5      | Reached skill level 5 in Conjurations
  4831 | D:5      | Identified the +10 hand axe of Duty {flame, Fragile rC-
                  | Will+++ Int+4}
  4954 | D:6      | Noticed Grinder
  4954 | D:6      | Noticed Blork the orc
  4962 | D:5      | Killed Grinder
  5146 | D:6      | Killed Blork the orc
  5229 | D:6      | Noticed Pikel
  5258 | D:6      | Killed Pikel
  5259 | D:6      | Reached skill level 5 in Spellcasting
  5259 | D:6      | Reached XP level 9. HP: 72/72 MP: 7/17
  5747 | D:6      | Learned a level 3 spell: Call Canine Familiar
  6071 | D:7      | Reached ** piety under Ashenzari
  6101 | D:7      | Found a sand-covered staircase.
  6113 | Ossuary  | Entered an ossuary
  6292 | Ossuary  | Reached skill level 1 in Staves
  6292 | Ossuary  | Reached skill level 1 in Summonings
  6801 | D:7      | Reached *** piety under Ashenzari
  6964 | D:7      | Identified a scroll of acquirement
  6971 | D:7      | Acquired the +1 pair of gloves "Hemuovao" {rElec Regen+}
  7290 | D:7      | Noticed Prince Ribbit
  7298 | D:7      | Killed Prince Ribbit
  7578 | D:8      | Reached XP level 10. HP: 81/83 MP: 15/20
  7693 | D:8      | Noticed Joseph
  7717 | D:8      | Killed Joseph
  7983 | D:8      | Noticed Erica
  7993 | D:8      | Killed Erica
  8007 | D:8      | Learned a level 3 spell: Stone Arrow
  8075 | D:8      | Reached skill level 1 in Earth Magic
  8083 | D:7      | Reached skill level 2 in Earth Magic
  8117 | D:7      | Reached skill level 3 in Earth Magic
  8147 | D:8      | Reached skill level 4 in Earth Magic
  8316 | D:8      | Reached skill level 5 in Earth Magic
  8820 | D:9      | Noticed a two-headed ogre
  8827 | D:9      | Killed a two-headed ogre
  8828 | D:9      | Reached skill level 6 in Earth Magic
  8902 | D:9      | Found Nukhlary's Book Emporium.
  8926 | D:9      | Reached skill level 7 in Earth Magic
  9678 | D:9      | Reached skill level 5 in Staves
  9738 | D:10     | Entered Level 10 of the Dungeon
  9751 | D:10     | Reached XP level 11. HP: 87/91 MP: 11/23
  9843 | D:10     | Found a sparkling altar of Nemelex Xobeh.
  9964 | D:10     | Reached skill level 5 in Fighting
 10073 | D:10     | Noticed a two-headed ogre
 10080 | D:10     | Killed a two-headed ogre
 10179 | D:10     | Noticed Sonja
 10200 | D:10     | Killed Sonja
 10297 | D:10     | Found a glowing golden altar of the Shining One.
 10594 | D:10     | Found a staircase to the Lair.
 11035 | D:11     | Found Yzuses's Self-Improvement Boutique.
 11116 | D:11     | Reached skill level 5 in Dodging
 11233 | D:11     | Found a staircase to the Orcish Mines.
 11944 | D:11     | Reached skill level 8 in Earth Magic
 12118 | Lair:1   | Entered Level 1 of the Lair of Beasts
 12162 | Lair:1   | Noticed a swamp dragon
 12234 | Lair:1   | Killed a swamp dragon
 12305 | Lair:1   | Reached XP level 12. HP: 106/106 MP: 4/24
 12658 | Lair:1   | Learned a level 5 spell: Fireball
 13164 | Lair:1   | Found a snail-covered altar of Cheibriados.
 13338 | Lair:2   | Identified the +0 helmet of Hedging {*Corrode Regen+ Dex+4
                  | Slay-6}
 13662 | Lair:2   | Found a staircase to the Shoals.
 14018 | Lair:2   | Noticed Gastronok
 14163 | Lair:2   | Killed Gastronok
 14474 | Lair:2   | Identified the ring "Agidghu" {Int+3 SInv}
 14742 | Lair:3   | You fall into a shaft and drop 2 floors!
 14742 | Lair:5   | Entered Level 5 of the Lair of Beasts
 14802 | Lair:4   | Noticed a death yak
 14803 | Lair:4   | Noticed a death yak
 14804 | Lair:4   | Noticed a death yak
 14804 | Lair:4   | Noticed a death yak
 14817 | Lair:4   | Killed a death yak
 14817 | Lair:4   | Killed a death yak
 14866 | Lair:4   | Killed a death yak
 15002 | Lair:3   | Found a dark tunnel.
 15084 | Volcano  | Entered a volcano
 15100 | Volcano  | Noticed a centaur warrior
 15105 | Volcano  | Killed a centaur warrior
 15284 | Volcano  | Found a bloodstained altar of Trog.
 15399 | Lair:3   | Reached skill level 10 in Fire Magic
 15399 | Lair:3   | Reached XP level 13. HP: 113/113 MP: 15/25
 15407 | Lair:3   | Learned a level 6 spell: Plasma Beam
 15599 | Lair:3   | Found a hole to the Spider Nest.
 15608 | Lair:3   | Reached skill level 10 in Staves
 15610 | Lair:3   | Reached skill level 1 in Air Magic
 16097 | Lair:3   | Found a shimmering altar of Xom.
 17042 | Lair:5   | Found a viscous altar of Jiyva.
 17042 | Lair:5   | Found a staircase to the Slime Pits.
 18150 | Lair:5   | Reached **** piety under Ashenzari
 18150 | Lair:5   | Reached ***** piety under Ashenzari
 18945 | Lair:5   | Reached XP level 14. HP: 125/125 MP: 15/28
 19210 | Orc:1    | Entered Level 1 of the Orcish Mines
 19516 | Orc:2    | Entered Level 2 of the Orcish Mines
 20017 | Orc:2    | Learned a level 2 spell: Blink
 20272 | Orc:2    | Found a staircase to the Elven Halls.
 20342 | Orc:2    | Reached skill level 1 in Translocations
 20572 | Orc:2    | Found a burning altar of Makhleb.
 21520 | Orc:2    | Found Plog's Antique Weapon Shoppe.
 21520 | Orc:2    | Found Ciovup's Weapon Shoppe.
 21521 | Orc:2    | Found Vanlo's Magic Scroll Shop.
 21521 | Orc:2    | Found Loavatona's Distillery.
 21538 | Orc:2    | Bought a potion of haste for 160 gold pieces
 21538 | Orc:2    | Bought a potion of might for 64 gold pieces
 21538 | Orc:2    | Bought a potion of mutation for 128 gold pieces
 21538 | Orc:2    | Bought a potion of invisibility for 128 gold pieces
 21566 | Orc:2    | Bought a scroll of teleportation for 45 gold pieces
 21566 | Orc:2    | Bought a scroll of teleportation for 45 gold pieces
 21566 | Orc:2    | Bought a scroll of fear for 60 gold pieces
 21566 | Orc:2    | Bought a scroll of fear for 60 gold pieces
 21634 | D:12     | Reached skill level 10 in Conjurations
 21634 | D:12     | Reached skill level 9 in Earth Magic
 22225 | D:13     | Learned a level 8 spell: Lehudib's Crystal Spear
 22886 | D:13     | Reached skill level 10 in Earth Magic
 23320 | D:13     | Found a gate to the Vaults.
 23982 | D:14     | Reached skill level 11 in Earth Magic
 24245 | D:11     | Bought a manual of Earth Magic for 1040 gold pieces
 24337 | D:14     | Found a blossoming altar of Fedhas.
 24534 | D:14     | Reached XP level 15. HP: 132/132 MP: 18/31
 24536 | D:14     | Reached skill level 12 in Earth Magic
 24913 | D:14     | Reached skill level 13 in Earth Magic
 25288 | D:14     | Reached skill level 14 in Earth Magic
 25579 | D:14     | Reached skill level 15 in Earth Magic
 25784 | D:15     | Entered Level 15 of the Dungeon
 25797 | D:15     | Found a gateway to a bazaar.
 26009 | D:15     | Reached skill level 16 in Earth Magic
 26383 | D:15     | Reached skill level 17 in Earth Magic
 26697 | D:15     | Reached ****** piety under Ashenzari
 26784 | D:15     | Found a staircase to the Depths.
 26966 | Shoals:1 | Entered Level 1 of the Shoals
 28468 | Shoals:1 | Found Ommuna's Assorted Antiques.
 28804 | Shoals:2 | Reached skill level 10 in Spellcasting
 29263 | Shoals:2 | Reached XP level 16. HP: 139/141 MP: 2/35
 30316 | Shoals:3 | Noticed a kraken
 30337 | Shoals:3 | Killed a kraken
 30642 | Shoals:3 | Learned a level 4 spell: Animate Dead
 30815 | Shoals:3 | Reached skill level 1 in Necromancy
 31913 | Shoals:1 | Bought a lajatang for 660 gold pieces
 31994 | Shoals:3 | Found Saudween's Weapon Shop.
 32248 | Shoals:4 | Entered Level 4 of the Shoals
 32248 | Shoals:4 | Noticed Roxanne
 32615 | Shoals:4 | Killed Roxanne
 32760 | Shoals:4 | Found Nymajos's Magic Scroll Shoppe.
 32763 | Shoals:4 | Bought a scroll of enchant weapon for 120 gold pieces
 32970 | Shoals:4 | Reached skill level 18 in Earth Magic
 32993 | Shoals:4 | Noticed Ilsuiw
 33337 | Shoals:4 | Learned a level 4 spell: Petrify
 33607 | Shoals:4 | Reached XP level 17. HP: 123/144 MP: 4/36
 34224 | Shoals:4 | Killed Ilsuiw
 34366 | Shoals:4 | Got a barnacled rune of Zot
 34562 | Spider:1 | Entered Level 1 of the Spider Nest
 35226 | Spider:1 | Found a runed translucent gate.
 35243 | Spider:1 | Found a runed translucent gate.
 35244 | Spider:1 | Found a runed translucent gate.
 35245 | Spider:1 | Noticed arthad's ghost (journeyman FeSu)
 35254 | Spider:1 | Identified the +3 whip of World Downfall {elec, rElec Str-5
                  | Dex+4 SInv}
 35281 | Spider:1 | Identified the +4 demon blade of Greatest Utility {freeze,
                  | Dex+3}
 36219 | Spider:2 | Identified the +1 robe of the Game of Kings {rF- Will+ SInv
                  | Stlth+}
 36443 | Spider:2 | Reached skill level 5 in Stealth
 36477 | Spider:2 | Reached skill level 10 in Fighting
 36702 | Spider:2 | Found a runed translucent gate.
 36702 | Spider:2 | Found a runed translucent gate.
 36703 | Spider:2 | Found a runed translucent gate.
 36706 | Spider:2 | Noticed reriks's ghost (adept GrEE)
 37526 | Spider:3 | Reached skill level 10 in Dodging
 37932 | Spider:4 | Entered Level 4 of the Spider Nest
 37954 | Spider:4 | Reached XP level 18. HP: 124/159 MP: 2/37
 38344 | Spider:4 | Found a runed translucent door.
 38347 | Spider:4 | Found a shimmering altar of Xom.
 38347 | Spider:4 | Noticed Dittersdorf's ghost (adept GrFi)
 39167 | Spider:4 | Got a gossamer rune of Zot
 39597 | Shoals:4 | Bought a scroll of enchant weapon for 120 gold pieces
 39597 | Shoals:4 | Bought a scroll of enchant armour for 120 gold pieces
 39827 | Vaults:1 | Entered Level 1 of the Vaults
 39983 | Vaults:1 | Learned a level 6 spell: Starburst
 40308 | Vaults:1 | Reached skill level 19 in Earth Magic
 41045 | Vaults:1 | Reached XP level 19. HP: 127/170 MP: 34/40
 41110 | Vaults:1 | Paralysed by a formless jellyfish for 1 turns
 41878 | Vaults:1 | Found Segimuf's Weapon Emporium.
 42108 | Vaults:2 | Paralysed by a formless jellyfish for 1 turns
 42294 | Vaults:2 | Noticed Aizul
 42308 | Vaults:2 | Killed Aizul
 42398 | Vaults:2 | Identified the +0 leather armour of the Shoals {Harm Drain
                  | Stlth+}
 43184 | Vaults:1 | Reached skill level 15 in Spellcasting
 43393 | Vaults:2 | Learned a level 8 spell: Ignition
 43575 | Vaults:2 | Found a staircase to the Crypt.
 44292 | Vaults:2 | Reached skill level 15 in Fire Magic
 44946 | Vaults:3 | Found a crumbling gateway.
 44957 | Desolati | Entered the Desolation of Salt
 45008 | Desolati | Reached XP level 20. HP: 170/179 MP: 9/42
 45065 | Vaults:3 | Identified the +6 great sword "Gal Kaim" {vamp, rF++ rC-
                  | rN+ SInv}
 45460 | Vaults:2 | Reached skill level 1 in Evocations
 45531 | Vaults:3 | Paralysed by a formless jellyfish for 1 turns
 46027 | Vaults:3 | Noticed Mara
 46045 | Vaults:3 | Noticed Shard1697's illusion
 46215 | Vaults:3 | Noticed Shard1697's illusion
 46217 | Vaults:3 | Killed Mara
 46542 | Vaults:3 | Identified the +4 chain mail "Waihaocu" {rN++}
 46795 | Vaults:3 | Found a huge runed gate.
 46795 | Vaults:3 | Found a huge runed gate.
 46795 | Vaults:3 | Found a huge runed gate.
 46795 | Vaults:3 | Found a huge runed gate.
 46795 | Vaults:3 | Found a huge runed gate.
 46795 | Vaults:3 | Found a huge runed gate.
 46796 | Vaults:3 | Found a huge runed gate.
 46796 | Vaults:3 | Found a huge runed gate.
 46796 | Vaults:3 | Found a huge runed gate.
 46796 | Vaults:3 | Found a huge runed gate.
 46802 | Vaults:3 | Found a huge runed gate.
 46802 | Vaults:3 | Found a huge runed gate.
 46802 | Vaults:3 | Found a huge runed gate.
 46802 | Vaults:3 | Found a huge runed gate.
 46802 | Vaults:3 | Found a huge runed gate.
 46802 | Vaults:3 | Found a huge runed gate.
 46803 | Vaults:3 | Found a huge runed gate.
 46804 | Vaults:3 | Found a huge runed gate.
 46805 | Vaults:3 | Found a huge runed gate.
 46813 | Vaults:3 | Found a huge runed gate.
 46813 | Vaults:3 | Found a huge runed gate.
 46813 | Vaults:3 | Found a huge runed gate.
 46813 | Vaults:3 | Found a huge runed gate.
 46813 | Vaults:3 | Found a huge runed gate.
 46813 | Vaults:3 | Found a huge runed gate.
 46814 | Vaults:3 | Found a huge runed gate.
 46815 | Vaults:3 | Found a huge runed gate.
 46816 | Vaults:3 | Found a huge runed gate.
 47018 | Vaults:3 | Found a huge runed gate.
 47018 | Vaults:3 | Found a huge runed gate.
 47018 | Vaults:3 | Found a huge runed gate.
 47018 | Vaults:3 | Found a huge runed gate.
 47018 | Vaults:3 | Found a huge runed gate.
 47018 | Vaults:3 | Found a huge runed gate.
 47019 | Vaults:3 | Found a huge runed gate.
 47020 | Vaults:3 | Found a huge runed gate.
 47037 | Vaults:3 | Found a gateway to a bazaar.
 47046 | Bazaar   | Entered a bazaar
 47085 | Bazaar   | Found Feimpouc's General Store.
 47085 | Bazaar   | Found Besiuro's Weapon Shoppe.
 47107 | Bazaar   | Found Nysug's General Store.
 47136 | Bazaar   | Found Jiupse's Magic Scroll Emporium.
 47141 | Bazaar   | Bought a scroll of enchant weapon for 75 gold pieces
 47223 | Vaults:3 | Learned a level 7 spell: Monstrous Menagerie
 47757 | Vaults:4 | Reached skill level 5 in Summonings
 47909 | Vaults:4 | Paralysed by a great orb of eyes for 2 turns
 49276 | Vaults:4 | Found Ziassaeti's Book Shop.
 49554 | Elf:1    | Entered Level 1 of the Elven Halls
 50044 | Elf:1    | Identified the Compendium of Accompaniment
 50357 | Vaults:4 | Bought the Exposition on the Boulder and Transition for 600
                  | gold pieces
 50776 | Elf:1    | Reached skill level 10 in Summonings
 51681 | Spider:4 | Reached XP level 21. HP: 168/187 MP: 21/44
 51696 | Spider:4 | Killed Dittersdorf's ghost
 52336 | Elf:2    | Found a radiant altar of Vehumet.
 52387 | Elf:2    | Found a runed translucent gate.
 52387 | Elf:2    | Found a runed translucent gate.
 52387 | Elf:2    | Found a runed translucent gate.
 52589 | Elf:2    | Acquired 1078 gold pieces
 52731 | Elf:2    | Learned a level 9 spell: Shatter
 52773 | Elf:3    | Entered Level 3 of the Elven Halls
 52814 | Elf:3    | Found a frozen archway.
 52979 | IceCv    | Entered an ice cave
 52984 | IceCv    | Reached skill level 20 in Earth Magic
 53065 | IceCv    | Found a transporter.
 53081 | IceCv    | Found a transporter.
 53307 | Elf:3    | Found Amy Qiantu's Antique Armour Boutique.
 53926 | Elf:3    | Reached skill level 21 in Earth Magic
 54049 | Abyss:2  | Cast into level 2 of the Abyss (a deep elf sorcerer)
 54064 | Elf:3    | Escaped the Abyss
 54084 | Elf:3    | Identified the ring of Ycesy {rPois rF+}
 54266 | Elf:3    | Identified the amulet "Rimyed" {Faith +Inv rPois rF++
                  | Int-2}
 54270 | Elf:3    | Identified the +5 great sword of the Keeping Shrike {elec,
                  | Will+ Int+3}
 54675 | Elf:3    | Identified the +0 long sword of Gukurycein {drain, rN+}
 54756 | Elf:3    | Identified the staff of the Sky {*Slow rElec rPois Will+++
                  | Int+3 Air}
 54810 | Elf:3    | Identified the +5 sling "Edyutak" {heavy, rPois rC+}
 54834 | Elf:3    | Identified the +4 shortbow of Noon {elec, Int+4}
 54914 | Elf:3    | Identified the +0 chain mail of Narcissism {rPois Str+3
                  | Int-4 Dex+2}
 54919 | Elf:3    | Reached skill level 22 in Earth Magic
 55558 | Depths:1 | Entered Level 1 of the Depths
 55787 | Depths:1 | Noticed Saint Roka
 55902 | Depths:1 | Killed Saint Roka
 55914 | Depths:1 | Acquired the Compendium of Wild Assembling
 56161 | Depths:1 | Found a hide-covered altar of Uskayaw.
 56359 | Depths:1 | Gained mutation: You occasionally shout uncontrollably at
                  | your foes. [a shining eye]
 56649 | Depths:1 | Reached skill level 23 in Earth Magic
 56825 | Depths:1 | Found a gateway to Hell.
 57030 | Depths:1 | Found Xyog's Weapon Shop.
 57030 | Depths:1 | Found Tathriudgh's Weapon Boutique.
 57390 | Depths:2 | Found a white marble altar of Elyvilon.
 57431 | Depths:2 | Reached XP level 22. HP: 136/193 MP: 14/45
 57771 | Depths:2 | Reached skill level 24 in Earth Magic
 58209 | Depths:2 | Found Fun Doli's General Store.
 58399 | Depths:2 | Found a one-way gate to the infinite horrors of the Abyss.
 58405 | Depths:2 | Bought a potion of haste for 210 gold pieces
 58405 | Depths:2 | Bought a potion of magic for 168 gold pieces
 58681 | Depths:2 | Found a one-way gate leading to the halls of Pandemonium.
 59341 | Depths:3 | Noticed Sojobo
 59512 | Depths:3 | Killed Sojobo
 59663 | Depths:2 | Learned a level 8 spell: Summon Horrible Things
 60146 | Depths:3 | Noticed Grunn
 60153 | Depths:3 | Killed Grunn
 60837 | Depths:3 | Noticed a golden dragon
 60864 | Depths:3 | Killed a golden dragon
 60993 | Depths:3 | Identified the staff "Lapoz" {rPois Int+6 Poison}
 61261 | Depths:4 | Entered Level 4 of the Depths
 62003 | Depths:4 | Reached XP level 23. HP: 201/201 MP: 20/47
 62126 | Depths:4 | Found a one-way gateway to a ziggurat.
 62756 | Depths:4 | Found a gate to the Realm of Zot.
 63021 | Depths:4 | Reached skill level 15 in Summonings
 63556 | Depths:4 | Found Vecooneo's Demolitions Depot.
 63563 | Depths:4 | Found a bloodstained altar of Trog.
 63776 | Depths:4 | Found a basalt altar of Yredelemnul.
 64321 | Vaults:5 | Entered Level 5 of the Vaults
 64706 | Vaults:5 | Noticed a dread lich
 64924 | Vaults:5 | Identified the +0 robe "Damemoed" {rC+++}
 64924 | Vaults:5 | Identified the +9 rapier of Purpose {spect, Str+3}
 65316 | Vaults:5 | Killed a dread lich
 65317 | Vaults:5 | Reached skill level 15 in Conjurations
 65472 | Vaults:5 | Got a silver rune of Zot
 66012 | Zot:1    | Entered Level 1 of the Realm of Zot
 66029 | Zot:1    | Identified the +2 scale mail "Fuojor" {rElec Str+5 Dex+3}
 66403 | Zot:2    | Reached XP level 24. HP: 113/210 MP: 29/47
 67396 | Zot:3    | Reached skill level 25 in Earth Magic
 68386 | Zot:4    | Reached skill level 26 in Earth Magic
 68541 | Zot:5    | Entered Level 5 of the Realm of Zot
 68556 | Zot:5    | Identified the staff "Aje Dide" {rPois rF+ rN++ Dex+3
                  | Poison}
 68557 | Zot:5    | Identified the ring "Bediyng" {rPois Will+ Dex+2}
 68562 | Zot:5    | Found a transporter.
 68841 | Zot:5    | Found a transporter.
 68844 | Zot:5    | Noticed a dread lich
 68845 | Zot:5    | Noticed an ancient lich
 68847 | Zot:5    | Noticed Midn8's ghost (veteran DrBe)
 68871 | Zot:5    | Noticed a dread lich
 69560 | Zot:5    | Reached skill level 27 in Earth Magic
 69632 | Zot:5    | Noticed a Killer Klown
 69646 | Zot:5    | Noticed a Killer Klown
 69647 | Zot:5    | Killed a Killer Klown
 69675 | Zot:5    | Killed a Killer Klown
 69790 | Zot:5    | Noticed an ancient lich
 69809 | Zot:5    | Killed an ancient lich
 69917 | Zot:5    | Noticed an ancient lich
 69917 | Zot:5    | Noticed an orb of fire
 69928 | Zot:5    | Killed an orb of fire
 69931 | Zot:5    | Killed an ancient lich
 69935 | Zot:5    | Noticed a dread lich
 69938 | Zot:5    | Killed a dread lich
 70377 | Zot:5    | Gained mutation: You are dopey. (Int -2) [a neqoxec]
 70384 | Zot:5    | Lost mutation: You occasionally shout uncontrollably at
                  | your foes. [potion of mutation]
 70384 | Zot:5    | Lost mutation: You are dopey. (Int -2) [potion of mutation]
 70384 | Zot:5    | Gained mutation: Your muscles are strong. (Str +4, Int/Dex
                  | -1) [potion of mutation]
 70384 | Zot:5    | Gained mutation: You have a beak for a mouth. [potion of
                  | mutation]
 70623 | Zot:5    | Reached XP level 25. HP: 174/222 MP: 26/48
 70643 | Zot:5    | Noticed a Killer Klown
 70667 | Zot:5    | Noticed an orb of fire
 70677 | Zot:5    | Killed an orb of fire
 70684 | Zot:5    | Killed a Killer Klown
 70950 | Zot:5    | Got the Orb of Zot
 71054 | Zot:4    | Noticed Hotiritoeg the pandemonium lord
 71062 | Zot:4    | Killed Hotiritoeg the pandemonium lord
 71363 | Depths:4 | Noticed Nulucr Arink the pandemonium lord
 71387 | Depths:3 | Noticed Nefeef the pandemonium lord
 71410 | Depths:3 | Killed Nefeef the pandemonium lord
 71411 | Depths:3 | Reached skill level 15 in Fighting
 71417 | Depths:3 | Noticed Sesi the pandemonium lord
 71949 | D:2      | Noticed Sakkerch the pandemonium lord
 71949 | D:2      | Noticed an ancient lich
 71950 | D:2      | Killed an ancient lich
 71969 | D:1      | Killed Sakkerch the pandemonium lord
 72054 | D:$      | Escaped with the Orb!

Illustrated notes

Levels and vault maps discovered:
D:1:      lemuel_arrival_tunnels, layout_loops_cross
D:2:      layout_rooms, serial_curves, eino_curves_04, eino_curves_03,
          eino_curves_03, basic_altar, uniq_terence
D:3:      layout_rooms, mainiacjoe_overflow_alcove_4,
          chequers_temple_overflow_statue_of_worship, amcnicky_altar_gilded,
          ebering_ecumenical_altar_ruins, grunt_decor_arrowhead, uniq_jessica
D:4:      layout_loops_cross, chei_slow_surprise, nicolae_take_the_stairs,
          uniq_menkaure, uniq_ijyb, uniq_natasha
D:5:      minmay_inner_zag, layout_basic, minmay_temple_entry_statues_pillars,
          serial_curves, eino_curves_02, eino_curves_01, grunt_decor_resistance,
          mrwooster_statue_mirror, sigmund_edmund_badplayer
D:6:      nicolae_cairo_tiling_large_dashed, layout_rooms, uniq_grinder,
          uniq_pikel, uniq_edmund, uniq_blork_the_orc
D:7:      layout_basic, enter_ossuary_4, minmay_misc_feat_hallway,
          uniq_prince_ribbit1
D:8:      layout_layer_cave, uniq_erica, uniq_joseph
D:9:      layout_loops_ring, serial_shops, nicolae_shop_tiny_waterfront
D:10:     layout_loops_ring, nemelex_xobeh_ov_fountains_minmay,
          tso_oasis_becter, hellmonk_lair_entry_icy, serial_glass,
          glass_columns_a, glass_columns_c, uniq_sonja
D:11:     layout_basic, hiddenorc2_lemuel, nicolae_shop_self_help
D:12:     layout_cross
D:13:     layout_irregular_city, grunt_vaults_entry_tiered
D:14:     minmay_stepped, layout_basic, fedhas_altar_3
D:15:     grunt_enter_depths_magical_seal, layout_cave_pools, serial_shops,
          statue_bzr
Lair:1:   layout_regular_city, basic_altar, pond
Lair:2:   layout_cave_pods, minmay_shoals_entry_hut, grunt_megastairs_1,
          uniq_gastronok
Lair:3:   layout_hall_layers, hellmonk_spider_entry_not_the_bees,
          enter_volcano_1, lemuel_oklob_altar
Lair:4:   layout_cave_pods, patterned_corridor
Lair:5:   evilmike_catoblepas_cave, layout_cave_pods, slime_entry_1,
          serial_rivers, chequers_serial_rivers_large_b,
          chequers_serial_rivers_micro_d, chequers_serial_rivers_marsh,
          chequers_serial_rivers_room_b, chequers_serial_rivers_micro_b,
          chequers_serial_rivers_micro_d
Shoals:1: layout_shoals, serial_shops, nicolae_shop_crystal
Shoals:2: layout_shoals
Shoals:3: layout_shoals, serial_shops, nicolae_shop_just_a_little_nook
Shoals:4: shoals_end_simple, layout_shoals, shoals_ilsuiw_ice, serial_shops,
          nicolae_shop_tiny_real_fake_doors, uniq_roxanne
Spider:1: layout_spider_delve, gammafunk_ghost_split
Spider:2: nicolae_spider_mines_3, gammafunk_ghost_necromancy
Spider:3: layout_chambers
Spider:4: spider_rune_water, ebering_ghost_xom, guppyfry_hornet_nest
Orc:1:    layout_caves, mines3_lemuel
Orc:2:    st_orc_elflike, layout_caves, david_defended_altar_orc
Elf:1:    nicolae_elf_arrival_fired_up, layout_loops_cross,
          minmay_elf_demonology, hangedman_elf_targetted_burst,
          lemuel_flamethrower_3
Elf:2:    nicolae_elf_blades_splatter_lattice
          [nicolae_blade_entry_sentries_behind_glass], layout_geoelf_octagon,
          basic_altar, st_stairs_4
Elf:3:    grunt_elf_hall_diamonds, layout_geoelf_castle,
          portal_ice_cave_entry_ugly_swarm, serial_shops,
          nicolae_shop_advertising_works [nicolae_subvault_shop_adworks],
          minivault_24
Vaults:1: ontoclasm_vaults_ligature, nicolae_vaults_theta,
          nicolae_vaults_wrenched, nicolae_vaults_heart-shaped_vault,
          nicolae_vaults_spaceships, nicolae_vaults_little_squares_5,
          grunt_vaults_diagonal, nicolae_vaults_enemy_cabinets,
          nicolae_vaults_sesquioval_fish, grunt_vaults_hallway_short,
          hangedman_vaults_restitches, nicolae_vaults_circle_grid_b,
          v_pattern_1, layout_vaults_omnigrid, serial_shops,
          nicolae_shop_real_fake_doors
Vaults:2: v_misc_29, nicolae_vaults_six-pack, minmay_crypt_entry_vampire_xt,
          v_misc_1, hangedman_vaults_locks, vaults_dpeg_spiral,
          nicolae_vaults_turnstiles, vaults_dpeg_ring, v_pattern_5,
          nicolae_vaults_little_squares_6, vaults_room_large_hall,
          nicolae_vaults_theta, nicolae_vaults_tetromino_Z_1,
          nicolae_vaults_house_1, layout_vaults_ring, uniq_aizul
Vaults:3: portal_desolation_entry_garden, v_pattern_3, grunt_vaults_bifocal,
          nicolae_vaults_variable_pillar_hall, vaults_mumra_minichess_inversion,
          vaults_dpeg_hooks, not_door_vault_mu, ontoclasm_vaults_ring_square,
          vaults_room_pool, vaults_room_hallway, nicolae_vaults_weapon_check,
          hangedman_vaults_restitches, nicolae_vaults_wine_cellar,
          nicolae_vaults_network_s, vaults_dpeg_emergency_exit,
          nicolae_vaults_theta, ontoclasm_vaults_misaligned,
          nicolae_vaults_tetromino_Z_2, nicolae_vaults_apartment_1,
          layout_vaults_omnibox, serial_shops, bzr_in_the_mist, uniq_mara
Vaults:4: v_misc_27, nicolae_vaults_offset_grid_hallway_2,
          hangedman_vaults_maws, nicolae_vaults_house_1, v_misc_9,
          nicolae_vaults_trapezoid_2, nicolae_vaults_tetromino_L_1,
          grunt_vaults_trifunnel, ontoclasm_vaults_loading_screen, v_misc_24,
          ontoclasm_vaults_hangar, layout_vaults_big_room, serial_shops, shop
Vaults:5: serial_shops
Depths:1: layout_basic, minmay_misc_feat_diagonals,
          nicolae_hell_entry_hellmouth_sunbeams, serial_bayou_ford_a,
          nicolae_danse_macabre, minmay_shoptagon, uniq_saint_roka
Depths:2: dreamdust_under_siege, layout_cave_shapes, serial_shops,
          nicolae_shop_pleasant_corner_grove, pf_hell_entry_tar_river,
          abyss_entry_glasseish, kennysheep_boxes, pan_entry,
          infiniplex_staircase_pool_2, serial_bayou_shore_b,
          serial_bayou_shore_b
Depths:3: cross_vault, layout_cave_pools, hangedman_abyss_or_decor_clamps,
          abyss_entry_crystal, grunt_pan_entry_in_and_out, hell_entry,
          drop_trap, uniq_grunn, uniq_sojobo
Depths:4: evilmike_zot_entry_argh, layout_cave_pools, enter_ziggurat_d,
          bloody_trog, abyss_entry, hell_entry, nicolae_blasting_shop,
          hangedman_blasphemy
Zot:1:    lemuel_firehouse, layout_concentric_octagons
Zot:2:    layout_misc_corridors, amethyst_zot_foddershock
Zot:3:    layout_cathedral_of_symmetry
Zot:4:    layout_onion_interference, st_large_dragon_hoard_1, grunt_megastairs_3
Zot:5:    layout_gridlike, gammafunk_ghost_mausoleum

Skill      XL: |  1  2  3  4  5  6  7  8  9 10 11 12 13 14 15 16 17 18 19 20 21 22 23 24 25 |
---------------+----------------------------------------------------------------------------+-----
Fire Magic     | 4 5 6 8 10 11 12 16 | 16.5
Spellcasting   | 3 4 5 6 8 10 12 14 15 16 17 18 | 18.6
Conjurations   | 2 3 4 6 7 8 9 11 12 14 16 17 | 17.3
Fighting       | 1 2 4 7 10 12 13 15 | 15.7
Staves         | 4 5 7 9 11 12 13 | 13.2
Summonings     | 4 10 14 17 | 17.3
Dodging        | 2 3 5 7 10 11 | 11.3
Earth Magic    | 7 8 11 17 18 19 23 24 27 | 27.0
Air Magic      | 4 |  4.6
Translocations | 2 |  2.1
Necromancy     | 4 |  4.8
Stealth        | 5 6 |  6.7
Evocations     | 3 |  3.4

Action                     |  1- 3 |  4- 6 |  7- 9 | 10-12 | 13-15 | 16-18 | 19-21 | 22-24 | 25-27 || total
---------------------------+-------+-------+-------+-------+-------+-------+-------+-------+-------++-------
  Melee: Unarmed           |    11 |       |       |       |       |       |       |       |       ||    11
         Tailslap          |     4 |     2 |    15 |    41 |   172 |   248 |   225 |   152 |    22 ||   881
         Flail             |    15 |    13 |       |       |       |       |       |       |       ||    28
         Punch             |     1 |       |       |       |       |       |       |       |       ||     1
         Staff             |       |     4 |     4 |       |       |       |       |       |       ||     8
         Quarterstaff      |       |       |   144 |   283 |   850 |    84 |       |       |       ||  1361
         Lajatang          |       |       |       |       |       |  1219 |  1078 |   741 |    88 ||  3126
         Peck              |       |       |       |       |       |       |       |     9 |    21 ||    30
   Cast: Foxfire           |    44 |    44 |    93 |    53 |    58 |    93 |       |       |       ||   385
         Scorch            |     5 |    20 |    54 |    16 |    27 |    41 |       |       |       ||   163
         Flame Wave        |       |       |     9 |    25 |    19 |     3 |       |       |       ||    56
         Stone Arrow       |       |       |       |   129 |   140 |    40 |    37 |    27 |     4 ||   377
         Fireball          |       |       |       |    15 |    97 |    92 |    64 |    14 |       ||   282
         Plasma Beam       |       |       |       |       |    58 |     7 |     7 |       |       ||    72
         Call Canine Famil |       |       |       |       |     3 |       |       |       |       ||     3
         Lehudib's Crystal |       |       |       |       |     6 |    31 |    71 |   172 |    26 ||   306
         Animate Dead      |       |       |       |       |       |    25 |     6 |       |       ||    31
         Petrify           |       |       |       |       |       |     1 |       |       |       ||     1
         Starburst         |       |       |       |       |       |    10 |    59 |     3 |       ||    72
         Ignition          |       |       |       |       |       |       |    53 |    66 |     4 ||   123
         Monstrous Menager |       |       |       |       |       |       |     6 |     4 |       ||    10
         Blink             |       |       |       |       |       |       |     1 |       |       ||     1
         Shatter           |       |       |       |       |       |       |    15 |    45 |     5 ||    65
         Summon Horrible T |       |       |       |       |       |       |       |    21 |    12 ||    33
 Invoke: Curse Item        |       |     1 |     3 |     1 |     3 |       |     1 |     1 |       ||    10
         Shatter the Chain |       |       |       |       |       |     1 |     1 |       |       ||     2
  Evoke: Wand              |       |       |       |       |       |     1 |     2 |       |       ||     3
         Box of beasts     |       |       |       |       |       |       |       |       |     1 ||     1
    Use: Scroll            |       |       |    14 |     1 |       |    14 |    15 |     5 |     3 ||    52
         Potion            |       |       |       |     3 |       |     4 |     3 |    14 |    30 ||    54
   Stab: Sleeping          |       |       |     1 |     1 |     3 |    10 |    11 |       |       ||    26
         Confused          |       |       |       |     2 |       |       |       |       |       ||     2
         Distracted        |       |       |       |     1 |     2 |    23 |     7 |     3 |     3 ||    39
         Petrified         |       |       |       |       |       |     8 |       |       |       ||     8
         Held in net/web   |       |       |       |       |       |     1 |       |       |       ||     1
 Armour: Skin              |    10 |     8 |    85 |   117 |   258 |   559 |   357 |   319 |    28 ||  1741
  Dodge: Dodged            |    27 |    27 |   171 |   291 |   645 |  1374 |   945 |   651 |    93 ||  4224
  Block: Other             |       |       |       |       |   113 |   351 |   237 |   147 |    13 ||   861
         Reflection        |       |       |       |       |    16 |    13 |    17 |     6 |       ||    52

Table legend: (Time is in decaauts)
 A = Elapsed time spent in this place.
 B = Non-inter-level travel time spent in this place.
 C = Inter-level travel time spent in this place.
 D = Time resting spent in this place.
 E = Time spent auto-exploring this place.
 F = Levels seen in this place.
 G = Mean time per level.
                   A        B        C        D        E       F      G
               +--------+--------+--------+--------+--------+-----+--------+
         Total |  70655 |  64920 |   5735 |  14555 |  31828 |  53 | 1333.1 |
       Dungeon |  17980 |  16092 |   1888 |   1207 |  11117 |  15 | 1198.7 |
          Lair |   7436 |   6708 |    728 |   1177 |   4156 |   5 | 1487.2 |
        Shoals |   7092 |   6630 |    462 |   1744 |   2844 |   4 | 1773.0 |
   Spider Nest |   4968 |   4274 |    694 |    507 |   1475 |   4 | 1242.0 |
  Orcish Mines |   2567 |   2415 |    152 |    800 |   1130 |   2 | 1283.5 |
   Elven Halls |   4391 |   3994 |    397 |    686 |   1886 |   3 | 1463.7 |
        Vaults |  11161 |  10166 |    995 |   2745 |   4516 |   5 | 2232.2 |
        Depths |   8701 |   8343 |    358 |   2531 |   3979 |   4 | 2175.2 |
           Zot |   5254 |   5197 |     57 |   2947 |    335 |   5 | 1050.8 |
         Abyss |     14 |     14 |      0 |      0 |      0 |   1 |   14.0 |
        Bazaar |    120 |    120 |      0 |      0 |    112 |   1 |  120.0 |
       Ossuary |    420 |    420 |      0 |      0 |    263 |   1 |  420.0 |
      Ice Cave |    208 |    208 |      0 |    127 |      0 |   1 |  208.0 |
       Volcano |    262 |    262 |      0 |     76 |     15 |   1 |  262.0 |
    Desolation |     74 |     74 |      0 |      6 |      0 |   1 |   74.0 |
               +--------+--------+--------+--------+--------+-----+--------+

Top non-repeatable levels by time:
Vaults:1: 2865 daAuts
Vaults:2: 2861 daAuts
   Zot:5: 2452 daAuts
Depths:2: 2353 daAuts
Vaults:3: 2345 daAuts
Depths:4: 2298 daAuts
   Elf:3: 2218 daAuts
Vaults:4: 2212 daAuts
Depths:1: 2183 daAuts
  Lair:2: 2097 daAuts
  Lair:5: 2001 daAuts
    D:13: 1938 daAuts
Shoals:1: 1910 daAuts
Shoals:2: 1896 daAuts
Depths:3: 1865 daAuts
